 Dungeon Crawl Stone Soup version 0.25.1-2-g60ff931df9 (console) character file.

Game seed: 16100124431363288856

95 Colgate the Firebug (level 4, -2/24 HPs)
             Began as a Deep Elf Fire Elementalist on July 29, 2020.
             Was an Initiate of Nemelex Xobeh.
             Killed by divine providence
             ... invoked by an orc priest
              (11 damage)
             ... on level 3 of the Dungeon.
             The game lasted 00:37:54 (3027 turns).

Colgate the Firebug (Deep Elf Fire Elementalist)    Turns: 3027, Time: 00:37:54

Health: -2/24      AC:  2    Str:  5    XL:     4   Next: 40%
Magic:  5/11       EV: 12    Int: 21    God:    Nemelex Xobeh [......]
Gold:   224        SH:  3    Dex: 15    Spells: 6/10 levels left

rFire    + . .     SeeInvis .   p - +0 whip
rCold    . . .     Gourm    .   y - +0 buckler
rNeg     . . .     Faith    +   a - +0 robe
rPois    .         Spirit   .   (no helmet)
rElec    .         Reflect  .   (no cloak)
rCorr    .         Harm     .   (no gloves)
MR       .....                  (no boots)
Stlth    ++........             u - amulet of faith
HPRegen  0.08/turn              l - ring of protection from fire
MPRegen  0.12/turn              (no ring)

@: very slightly contaminated
A: no striking features
a: Draw Escape, Draw Destruction, Draw Summoning, Renounce Religion


You were on level 3 of the Dungeon.
You worshipped Nemelex Xobeh.
Nemelex Xobeh was noncommittal.
You were not hungry.

You visited 1 branch of the dungeon, and saw 3 of its levels.

You collected 224 gold pieces.

Inventory:

Hand Weapons
 f - a +0 club
 p - a +0 whip (weapon)
 q - a +0 dagger
 t - a +0 hand crossbow
Missiles
 d - 59 arrows
 g - 89 stones
 i - 6 javelins (quivered)
 x - 18 bolts
Armour
 a - a +0 robe (worn)
 y - a +0 buckler (worn)
Jewellery
 l - a ring of protection from fire (left hand)
 u - an amulet of faith (around neck)
Scrolls
 e - 3 scrolls of amnesia
 h - a scroll of teleportation
 v - a scroll of blinking
 w - 2 scrolls of identify
Potions
 b - 2 potions of invisibility {unknown}
 j - 2 potions of might {unknown}
 k - a potion of haste
 m - a potion of mutation {unknown}
 r - a potion of lignification {unknown}
 s - a potion of curing {unknown}
Comestibles
 c - 4 rations
 n - 3 chunks of flesh


   Skills:
 - Level 2.4 Dodging
 - Level 2.4 Stealth
 + Level 3.6 Spellcasting
 - Level 2.2 Conjurations
 - Level 5.1 Fire Magic


You had 6 spell levels left.
You knew the following spells:

 Your Spells              Type           Power        Failure   Level  Hunger
a - Foxfire               Conj/Fire      ###.         4%          1    None
b - Inner Flame           Hex/Fire       ##......     22%         3    ###....

Your spell library contained the following spells:

 Spells                   Type           Power        Failure   Level  Hunger
 Conjure Flame            Conj/Fire      ###.....     14%         3    ###....
 Sticky Flame             Conj/Fire      ###.....     41%         4    ####...
 Fireball                 Conj/Fire      ###.......   77%         5    ######.


Dungeon Overview and Level Annotations

Branches:
Dungeon (3/15)

Altars:
Nemelex Xobeh
Okawaru


Message History

An orc comes into view. It is wielding a +0 trident.
The orc closely misses you. The orc priest barely misses you.
The orc wizard casts a spell.
The orc wizard blinks!
Casting: Foxfire (safe; 4% risk of failure)
Confirm with . or Enter, or press ? or * to list all spells.
You miscast Foxfire.
Nothing appears to happen.
The orc priest calls down the wrath of Beogh upon you.
Beogh smites you!
Ouch! That really hurt!
A goblin comes into view. It is wielding a +0 club.
The orc hits you.
You hear a shout!
Casting: Foxfire (safe; 4% risk of failure)
Confirm with . or Enter, or press ? or * to list all spells.
You conjure some foxfire!
The orc priest calls down the wrath of Beogh upon you.
Beogh smites you!
You die...
Your body disappears without a glow.

...
#####.#######
#.......o..oo
###o# #ยง..#
#v#.# #.#.#
#.#.# .o
#<#.###....
#.###K.go....
#..v@o.or..g.
#####v##o....
#.# ..... #.#
#### #.# #.#
#.# .#


You could see an orc priest, 2 orc wizards, 2 orcs, 2 goblins, a kobold and a
rat.

Vanquished Creatures
  3 adders (D:2)
  2 oozes (D:1)
  2 dart slugs
  A leopard gecko (D:2)
  2 ball pythons (D:1)
  2 giant cockroaches (D:2)
  8 goblins
  5 hobgoblins
  2 jackals (D:1)
  A quokka (D:2)
  10 bats
  4 frilled lizards
  7 kobolds
  6 rats
  A toadstool (D:2)
56 creatures vanquished.

Vanquished Creatures (others)
  137 foxfires
  4 toadstools (D:2)
141 creatures vanquished.

Grand Total: 197 creatures vanquished

Notes
Turn   | Place    | Note
-------+----------+-------------------------------------------
     0 | D:1      | Colgate the Deep Elf Fire Elementalist began the quest for
                  | the Orb.
     0 | D:1      | Reached XP level 1. HP: 10/10 MP: 6/6
   106 | D:1      | Reached XP level 2. HP: 15/15 MP: 6/8
   107 | D:1      | Reached skill level 4 in Fire Magic
  1219 | D:1      | Reached XP level 3. HP: 17/19 MP: 7/9
  1228 | D:1      | Learned a level 1 spell: Foxfire
  1284 | D:1      | Learned a level 3 spell: Inner Flame
  1783 | D:2      | Reached skill level 5 in Fire Magic
  2211 | D:2      | Found an iron altar of Okawaru.
  2451 | D:2      | Reached XP level 4. HP: 24/24 MP: 4/10
  2783 | D:2      | Found a sparkling altar of Nemelex Xobeh.
  2937 | D:2      | Became a worshipper of Nemelex Xobeh the Trickster
  3027 | D:3      | Killed from afar by an orc priest

Illustrated notes

Levels and vault maps discovered:
D:1:      roderic_octagonal_star, layout_basic, minmay_door_square
D:2:      layout_basic, nemelex_altar_shiori, minmay_gold_behind_fungi,
          kennysheep_okawaru_gauntlet
D:3:      layout_basic, first_ration

Skill      XL: |  1  2  3 |
---------------+----------+-----
Fire Magic     | 4 5 |  5.1
Conjurations   | 2 |  2.2
Dodging        | |  2.4
Stealth        | |  2.4
Spellcasting   | |  3.6

Action                   |  1- 3 |  4- 6 || total
-------------------------+-------+-------++-------
Melee: Unarmed           |    11 |       ||    11
       Club              |     7 |       ||     7
       Dagger            |     4 |       ||     4
       Whip              |     2 |       ||     2
 Cast: Foxfire           |    71 |    17 ||    88
  Use: Scroll            |     5 |       ||     5
 Stab: Sleeping          |     3 |       ||     3
  Eat: Chunk             |     4 |     2 ||     6
Armor: Robe              |     9 |     1 ||    10
       Ring mail         |     6 |       ||     6
Dodge: Dodged            |    29 |    11 ||    40
